 Dungeon Crawl Stone Soup version 0.16.2-2-g470672f (webtiles) character file.

86 monobi the Cudgeler (level 4, -7/29 (34) HPs)
             Began as a Demonspawn Gladiator on Sept 2, 2015.
             Was a Follower of Nemelex Xobeh.
             Mangled by monobi's ghost (9 damage)
             ... on level 3 of the Dungeon.
             The game lasted 00:07:49 (2220 turns).

monobi the Cudgeler (Demonspawn Gladiator)          Turns: 2220, Time: 00:07:49

HP:   -7/29 (34)    AC:  6    Str: 16    XL:     4   Next: 26%
MP:   4/4           EV: 12    Int: 10    God:    Nemelex Xobeh [*.....]
Gold: 199           SH:  0    Dex: 13    Spells: 0 memorised, 3 levels left

rFire  + . .     SeeInvis .     a - +0 flail
rCold  . . .     Clarity  .     d - +0 ring mail
rNeg   . . .     SustAb   .     (no shield)
rPois  .         Gourm    .     v - +0 helmet
rElec  .         Spirit   .     (no cloak)
rCorr  +         Warding  .     (no gloves)
rMut   .         Stasis   .     (no boots)
MR     .....                    n - amulet of resist corrosion
Stlth  +.........               (no ring)
                                (no ring)

@: invisible, not resistant to hostile enchantments, very unstealthy
A: fire resistance 1, flame cloud immunity
a: Renounce Religion


You were on level 3 of the Dungeon.
You worshipped Nemelex Xobeh.
Nemelex Xobeh was aware of your devotion.
You were near starving.

You visited 1 branch of the dungeon, and saw 3 of its levels.

You collected 199 gold pieces.

Inventory:

Hand weapons
 a - a +0 flail (weapon)
 r - a +0 shortbow of flaming
Missiles
 e - 2 steel javelins
 h - 6 javelins of penetration
 s - a throwing net (quivered)
Armour
 b - a +0 leather armour
 d - a +0 ring mail (worn)
 v - a +0 helmet (worn)
Jewellery
 n - an amulet of resist corrosion (around neck)
 y - an uncursed ring of fire {unknown}
Scrolls
 c - a scroll of immolation {unknown}
 k - a scroll of amnesia {unknown}
 p - a scroll of random uselessness {unknown}
 t - a scroll of fog {unknown}
 u - 2 scrolls of recharging {unknown}
 x - 2 scrolls of identify {unknown}
Potions
 i - a potion of resistance {unknown}
 o - 2 potions of ambrosia {unknown}
Miscellaneous
 l - a plain deck of war
 w - a plain deck of destruction
Comestibles
 f - 2 bread rations
 g - 4 meat rations
 j - a chunk of flesh
 q - 5 fruits


   Skills:
 + Level 2.4 Fighting
 * Level 3.6 Maces & Flails
 + Level 1.9 Throwing
 + Level 0.8 Armour
 + Level 3.4 Dodging


You had 3 spell levels left.
You didn't know any spells.

Dungeon Overview and Level Annotations

Branches:
Dungeon (3/15)

Altars:
Nemelex Xobeh
Yredelemnul

Annotations:
D:3 monobi's ghost, weakling MiFi


Innate Abilities, Weirdness & Mutations

Your flesh is heat resistant.
You are immune to clouds of flame.


Message History

Monobi's ghost is heavily damaged.
Monobi's ghost hits you but does no damage.
You sock monobi's ghost!
Monobi's ghost is severely damaged.
Monobi's ghost hits you.
* * * LOW HITPOINT WARNING * * *
Monobi's ghost says, "I am invincible!"
Monobi's ghost hits you but does no damage.
Drink which item? (? for menu, Esc to quit)
It was a potion of decay.
You feel your flesh rotting away! Monobi's ghost hits you.
* * * LOW HITPOINT WARNING * * *
Drink which item? (? for menu, Esc to quit)
It was a potion of invisibility.
You fade into invisibility!
You are near starving!
Monobi's ghost hits you!
You die...
Your body disappears without a glow.

..........# #########.
...........### #.........
....K....>....^..#######.
...$..?....# #(..
...........# #.#. #.....#
####.## #...#K#
######....# #...###W#
###......#### ...#
#@###...###### .#
#(....### ##.#.##
#....#..# .....#####.#
.... #.## ... #..## .
##..## ##..#


You could see monobi's ghost and a kobold.

Vanquished Creatures
  Terence (D:2)
  2 adders (D:2)
  2 worms (D:2)
  2 giant geckos
  3 oozes
  3 giant cockroaches
  4 goblins
  4 hobgoblins
  7 bats
  4 giant newts
  6 kobolds
  4 rats
  A spectral orc (D:2)
43 creatures vanquished.

Notes
Turn   | Place    | Note
--------------------------------------------------------------
     0 | D:1      | monobi, the Demonspawn Gladiator, began the quest for the Orb.
     0 | D:1      | Reached XP level 1. HP: 16/16 MP: 1/1
   100 | D:1      | Found a sparkling altar of Nemelex Xobeh.
   104 | D:1      | Became a worshipper of Nemelex Xobeh the Trickster
   158 | D:1      | Received a gift from Nemelex Xobeh
   264 | D:1      | Reached skill level 3 in Dodging
   271 | D:1      | Gained mutation: Your flesh is heat resistant. [demonic ancestry]
   271 | D:1      | Reached XP level 2. HP: 12/22 MP: 2/2
  1038 | D:2      | Found a basalt altar of Yredelemnul.
  1075 | D:2      | Noticed Terence
  1108 | D:2      | Killed Terence
  1108 | D:2      | Reached XP level 3. HP: 14/27 MP: 3/3
  1690 | D:2      | Received a gift from Nemelex Xobeh
  1746 | D:3      | HP: 1/28 [goblin (4)]
  1772 | D:2      | Gained mutation: You are immune to clouds of flame. [demonic ancestry]
  1772 | D:2      | Reached XP level 4. HP: 19/34 MP: 4/4
  2201 | D:3      | Noticed monobi's ghost (weakling MiFi)
  2220 | D:3      | Mangled by monobi's ghost

Action                   |  1- 3 |  4- 6 || total
-------------------------+-------+-------++-------
Melee: Flail             |   171 |    46 ||   217
Throw: Throwing net      |     3 |       ||     3
  Use: Potion            |     4 |     2 ||     6
 Stab: Held in net/web   |     2 |       ||     2
  Eat: Chunk             |     2 |     1 ||     3
